Workbook

Sheet Resumen PP
B2: ITEM | C2: DETALLE | D2: VALOR
B3: 1 | C3: Talento humano Transversal | D3: ='Talento Humano '!I20 -> 118500000
B4: 2 | C4: Reactivacion Economica | D4: =+'Rea Economica 7 pueblos '!F247 -> 353585951
B5: 3 | C5: Idioma Propio | D5: =+'Idioma propio 7 pueblos'!F225 -> 121461180
B6: 4 | C6: Medicina Tradicional | D6: =+'Medicina Ancestral 7 pueblos'!F302 -> 174377744
B7: 5 | C7: Evento de cierre General Proyecto | D7: ='Evento de Cierre General'!F13 -> 38128465
B8: Subtotal | D8: =SUM(D3:D7) -> 8.0605334e+08
B9: 6 | C9: Gastos Adminsitrativos 10% | D9: =+D8*0.1 -> 80605334
B10: TOTAL | D10: =D3+D4+D5+D6+D7+D9 -> 8.8665867e+08

Sheet Talento Humano 
A1: RECURSO HUMANO
A2: Nombre del perfil | B2: Cantidad | C2: Formación académica | D2: Experiencia | E2: Tiempo | F2: Unidad de medida | G2: Cantidad | H2: Valor Unitario | I2: Valor Total
A3: PERSONAL TRANSVERSAL
A4: Coordinador (Persona Sabedora o Sabedor con identidad cultural indígena) | B4: 1 | C4: Profesional titulado en áreas como Ciencias Sociales, Antropología, Trabajo Social, Educación, Medicina Tradicional, Gestión Cultural o afines, y acreditar pertenencia a un pueblo indígena de la localidad de Usme | D4: Mínimo dos (2) años de experiencia en la coordinación de proyectos sociales o comunitarios, preferiblemente con enfoque étnico, que incluyan componentes de fortalecimiento cultural, medicina ancestral o revitalización de la lengua. Se valorará experiencia previa en articulación con autoridades indígenas y entidades públicas o privadas | E4: 4 meses 100% | F4: Mes | G4: 4 | H4: 6000000 | I4: =G4*H4 -> 24000000
A5: Profesional de apoyo | B5: 1 | C5: Profesional titulado en Administración de Empresas, Contaduría, Economía, Gestión Pública, Finanzas o carreras afines | D5: Mínimo dos (2) años de experiencia en apoyo administrativo y financiero de proyectos sociales o comunitarios | E5: 4 meses 100% | F5: Mes | G5: 4 | H5: 3500000 | I5: =G5*H5 -> 14000000
A6: Comunicador Social | B6: 1 | C6: Profesional titulado en comunicación social o afines | D6: Mínimo de un (1) año de experiencia en trabajo con comunidades indígenas | E6: 3 meses 100% | F6: Mes | G6: 3 | H6: 3500000 | I6: =G6*H6 -> 10500000
A7: TOTAL RECURSO HUMANO | I7: =I4+I5+I6 -> 48500000
A8: COMPONENTE 1. REACTIVACIÓN ECONÓMICA
A9: Sabedor o tallerista | B9: 7 | C9: No requiere estudios de formación | D9: Requiere experiencia práctica mínima de 2 años en procesos de formación, preferiblemente en procesos de fortalecimiento económico, recuperación de saberes productivos o proyectos comunitarios | E9: 30 horas 100% | F9: Sesiones | G9: 28 | H9: 600000 | I9: =G9*H9 -> 16800000
A10: Relator | B10: 7 | C10: Técnico o tecnólogo en áreas relacionadas con proyectos sociales o comunitarios, como Gestión de Proyectos, Gestión Administrativa, Sistemas, Gestión Documental, Comunicación Social o carreras afines | D10: Mínimo un (1) año de experiencia en la elaboración de relatorías, sistematización de actividades, registro de memorias y manejo de herramientas ofimáticas (Word, Excel, PowerPoint) | E10: 30 horas 100% | F10: Sesiones | G10: 28 | H10: 400000 | I10: =G10*H10 -> 11200000
A11: TOTAL COMPONENTE 1. REACTIVACIÓN ECONÓMICA | I11: =I9+I10 -> 28000000
A12: COMPONENTE 2. FORTALECIMIENTO DE USOS Y COSTUMBRES
A13: Sabedor o tallerista | B13: 7 | C13: No requiere estudios de formación | D13: Requiere experiencia práctica mínima de 2 años en procesos de formación | E13: 30 horas 100% | F13: Sesiones | G13: 21 | H13: 600000 | I13: =G13*H13 -> 12600000
A14: Relator | B14: 7 | C14: No requiere estudios de formación | D14: Requiere experiencia práctica | E14: 30 horas 100% | F14: Sesiones | G14: 21 | H14: 400000 | I14: =G14*H14 -> 8400000
A15: TOTAL COMPONENTE 2. FORTALECIMIENTO DE USOS Y COSTUMBRES | I15: =I13+I14 -> 21000000
A16: COMPONENTE 3. MEDICINA ANCESTRAL
A17: Medico ancestral | B17: 7 | C17: Equipo de Sabedoras y Sabedores (proporcional a cada pueblo étnico), Parteras y parteros (proporcionales a cada pueblo étnico), Sobanderos y sobanderas, Comadronas, Médicos y Médicas ancestrales. | D17: Experiencia general mínimo de dos (2) años, la cual deberá ser certificada por los(as) Gobernadores(as), Consultivo(a) o Representante Legal de la Comunidad a la que representen. | E17: 30 horas 100% | F17: Sesiones | G17: 21 | H17: 600000 | I17: =G17*H17 -> 12600000
A18: Relator | B18: 7 | C18: No requiere estudios de formación | D18: Requiere experiencia práctica | E18: 30 horas 100% | F18: Sesiones | G18: 21 | H18: 400000 | I18: =G18*H18 -> 8400000
A19: TOTAL COMPONENTE 3. MEDICINA ANCESTRAL | I19: =I17+I18 -> 21000000
A20: Total Talento Humano | I20: =I19+I15+I7+I11 -> 118500000

Sheet Rea Economica 7 pueblos 
A1: Insumos pueblo indigena Andoque
A2: PUEBLO INDIGENA ANDOQUE
A3: ÍTEM | B3: CARACTERISTICAS TECNICAS | C3: CANTIDAD | D3: UNIDAD DE MEDIDA | E3: VALOR UNITARIO | F3: VALOR TOTAL
A4: INSUMOS PARA LA ARMONIZACIÓN
A5: Mambe | B5: Hoja de coca tostada y pulverizada | C5: 10 | D5: kilo | E5: 100000 | F5: =C5*E5 -> 1000000
A6: Ambil | B6: Elemento que se procesa del tabaco, se mezcla con sal de monte y baba natural para obtener una mezcla homogénea chiclosa para contribuir a la concentración. | C6: 2 | D6: kilo | E6: 142155 | F6: =C6*E6 -> 284310
A7: Almidon de yuca | B7: Polvo fino natural obtenido de la molienda de la yuca, mezclado con plantas naturales | C7: 12 | D7: libra | E7: 15000 | F7: =C7*E7 -> 180000
A8: Incienso natural | B8: Mezcla de resinas vegetales y aceites esenciales que se quema para desprender un humo con aroma | C8: 6 | D8: kilo | E8: 18954 | F8: =C8*E8 -> 113724
A9: Carbón medicinal | B9: Roca sedimentaria combistible | C9: 2 | D9: kilo | E9: 40000 | F9: =C9*E9 -> 80000
A10: Albahaca | B10: Planta aromática | C10: 6 | D10: kilo | E10: 8424 | F10: =C10*E10 -> 50544
A11: Sal de monte | B11: Sal purificada para curaciones | C11: 2 | D11: kilo | E11: 273780 | F11: =C11*E11 -> 547560
A12: TOTAL ARMONIZACIÓN | F12: =SUM(F5:F11) -> 2256138
A13: ALIMENTACIÓN
A14: Alimento propio Andoque | B14: Pescado en caldo de piaa, Cazabe, Caguana | C14: 15 | D14: Platos servidos | E14: 35000 | F14: =C14*E14 -> 525000
A15: Alimento propio Andoque | B15: Gallina Moqueoo, Cazabe Chucula | C15: 15 | D15: Platos servidos | E15: 35000 | F15: =C15*E15 -> 525000
A16: Alimento propio Andoque | B16: Pescado asado embuelto de yuca, jugo caramgucgo | C16: 15 | D16: Platos servidos | E16: 35000 | F16: =C16*E16 -> 525000
A17: Alimento propio Andoque | B17: Caldo de Cachama, Jugo de Azai | C17: 15 | D17: Platos servidos | E17: 35000 | F17: =C17*E17 -> 525000
A18: TOTAL ALIMENTACIÓN | F18: =SUM(F14:F17) -> 2100000
A19: INSUMOS PARA LOS TALLERES / tejido de canasta
A20: Bejuco Yaré 1 mt | B20: Bejuco natural de un metro de territorio | C20: 15 | D20: Arroba | E20: 250000 | F20: =C20*E20 -> 3750000
A21: Bejuco Yaré 2 mt | B21: Bejuco natural de dos metros de territorio | C21: 25 | D21: Arroba | E21: 350000 | F21: =C21*E21 -> 8750000
A22: Bejuco Yaré 5 mt | B22: Bejuco natural de cinco metros de territorio | C22: 6 | D22: Arroba | E22: 450000 | F22: =C22*E22 -> 2700000
A23: Fibra de Gurumo | B23: Fibra natural de terrtorio de 2 metros | C23: 15 | D23: Arroba | E23: 350000 | F23: =C23*E23 -> 5250000
A24: Bejuco Jalapatras | B24: Bejuco natural de territorio de 4 metros | C24: 10 | D24: Arroba | E24: 500000 | F24: =C24*E24 -> 5000000
A25: Bejuco Gu+oo | B25: Bejuco natural de territorio de 2 metros | C25: 24 | D25: Arroba | E25: 250000 | F25: =C25*E25 -> 6000000
A26: Bejuco Gu+oo | B26: Bejuco natural de territorio de 5 metros | C26: 10 | D26: Arroba | E26: 250000 | F26: =C26*E26 -> 2500000
A27: Cortesa de Arbol | B27: Carguero de Corteza de Arbol Balso natural | C27: 10 | D27: Arroba | E27: 250000 | F27: =C27*E27 -> 2500000
A28: Fibra de Cumare | B28: Fibra natural de terrtorio de palma de Cumare | C28: 5 | D28: Arroba | E28: 750000 | F28: =C28*E28 -> 3750000
A29: Pintura Natural | B29: Pintura Natural de corteza de arboles | C29: 9 | D29: Galon | E29: 25000 | F29: =C29*E29 -> 225000
A30: TOTAL INSUMOS PARA LOS TALLERES | F30: =SUM(F20:F29) -> 40425000
A31: TOTAL PUEBLO INDIGENA ANDOQUE | F31: =+F12+F18+F30 -> 44781138
A33: Insumos pueblo indigena Inga
A34: PUEBLO INDIGENA INGA
A35: ÍTEM | B35: CARACTERISTICAS TECNICAS | C35: CANTIDAD | D35: UNIDAD DE MEDIDA | E35: VALOR UNITARIO | F35: VALOR TOTAL
A36: INSUMOS PARA LA ARMONIZACIÓN
A37: Frutas De Cosecha Surtidas | B37: Variedad de frutas manzana, mandarina, banano, piña, tomate de árbol | C37: 10 | D37: libra | E37: 20000 | F37: =C37*E37 -> 200000
A38: Binan | B38: Bebida tradicional de territorio | C38: 2 | D38: Botella | E38: 200000 | F38: =C38*E38 -> 400000
A39: Chondur | B39: Semilla natural para preparar perfumes y sahumerios | C39: 2 | D39: Libra | E39: 80000 | F39: =C39*E39 -> 160000
A40: Pájaro Mancua | B40: Nido de especie tradicional de territorio | C40: 1 | D40: Atado | E40: 180000 | F40: =C40*E40 -> 180000
A41: Kullankilla | B41: planta tradicional territorio | C41: 1 | D41: Atado | E41: 200000 | F41: =C41*E41 -> 200000
A42: Uaira | B42: planta tradicional territorio | C42: 3 | D42: Unidad | E42: 45000 | F42: =C42*E42 -> 135000
A43: 7 Esencias De Los Andes | B43: Loción preparada con diferentes esencias para ungir | C43: 9 | D43: Botella | E43: 45000 | F43: =C43*E43 -> 405000
A44: Palo Santo | B44: Madera sagrada y espiritual | C44: 1 | D44: Bulto | E44: 135000 | F44: =C44*E44 -> 135000
A45: Copal | B45: Paquete de Copal - Resina natural | C45: 5 | D45: Paquete | E45: 40000 | F45: =C45*E45 -> 200000
A46: TOTAL ARMONIZACIÓN | F46: =SUM(F37:F45) -> 2015000
A47: ALIMENTACIÓN
A48: Alimento propio Inga | B48: Gallina mute papa y jugo de mora | C48: 15 | D48: Unidad | E48: 35000 | F48: =C48*E48 -> 525000
A49: Alimento propio Inga | B49: Sopa de maíz, espinazo de cerdo, jugo de lulo | C49: 15 | D49: Unidad | E49: 35000 | F49: =C49*E49 -> 525000
A50: Alimento propio Inga | B50: Cerdo frito con maiz tostao y jugo de chicha | C50: 15 | D50: Unidad | E50: 35000 | F50: =C50*E50 -> 525000
A51: Alimento propio Inga | B51: Gallina mote papá y frijol ají de maní y jugo de mora | C51: 15 | D51: Unidad | E51: 35000 | F51: =C51*E51 -> 525000
A52: TOTAL ALIMENTACIÓN | F52: =SUM(F48:F51) -> 2100000
A53: INSUMOS PARA LOS TALLERES
A54: Chaquira No. 10 | B54: Chaquira color surtido No. 10 | C54: 42 | D54: Libra | E54: 80000 | F54: =C54*E54 -> 3360000
A55: Chaquira No. 8 | B55: Chaquira color negro y rojo No. 8 | C55: 42 | D55: Libra | E55: 93000 | F55: =C55*E55 -> 3906000
A56: Mirina | B56: Rollo de Hilo lana para azabache | C56: 45 | D56: Rollo | E56: 18000 | F56: =C56*E56 -> 810000
A57: Azabache | B57: Azabache mano negra y mano roja | C57: 42 | D57: Libra | E57: 95000 | F57: =C57*E57 -> 3990000
A58: Azabache | B58: Azabache corazón negro y corazón rojo | C58: 42 | D58: Libra | E58: 95000 | F58: =C58*E58 -> 3990000
A59: Paño de Aguja | B59: Paño de aguja surtida, grande y pequeña | C59: 45 | D59: Paño | E59: 15000 | F59: =C59*E59 -> 675000
A60: Ambiaku | B60: Docena de jarabe de cholagogue indio | C60: 33 | D60: Docena | E60: 180000 | F60: =C60*E60 -> 5940000
A61: Purgante tradicional | B61: Docena de purgante tradicional | C61: 33 | D61: Docena | E61: 180000 | F61: =C61*E61 -> 5940000
A62: Iaku Kullankilla | B62: Docena de esencias tradicionales | C62: 33 | D62: Docena | E62: 240000 | F62: =C62*E62 -> 7920000
A63: Jarabe Zarzaparrilla | B63: Docena de jarabe tradicional | C63: 33 | D63: Docena | E63: 180000 | F63: =C63*E63 -> 5940000
A64: Jarabe 7 raíces | B64: Docena de jarabe tradicional | C64: 33 | D64: Docena | E64: 180000 | F64: =C64*E64 -> 5940000
A65: TOTAL INSUMOS PARA LOS TALLERES | F65: =SUM(F54:F64) -> 48411000
A66: TOTAL PUEBLO INDIGENA INGA | F66: =+F46+F52+F65 -> 52526000
A68: Insumos pueblo indigena Nasa
A69: PUEBLO INDIGENA NASA
A70: ÍTEM | B70: CARACTERISTICAS TECNICAS | C70: CANTIDAD | D70: UNIDAD DE MEDIDA | E70: VALOR UNITARIO | F70: VALOR TOTAL
A71: INSUMOS PARA LA ARMONIZACIÓN
A72: Hoja de coca | B72: Hoja tostada traída del territorio | C72: 1 | D72: Kilo | E72: 10530 | F72: =C72*E72 -> 10530
A73: Chirrincho | B73: Bebida tradicional del pueblo Nasa | C73: 15 | D73: Caneca | E73: 15000 | F73: =C73*E73 -> 225000
A74: Planta Fresca | B74: Bolsa de plantas frescas para armonizar los espíritus | C74: 1 | D74: Libra | E74: 26325 | F74: =C74*E74 -> 26325
A75: Planta Dulce | B75: Bolsa de plantas dulces para armonizar los espíritus | C75: 1 | D75: Libra | E75: 26325 | F75: =C75*E75 -> 26325
A76: Plantas Amargas | B76: Bolsa de plantas amargas para armonizar los espíritus | C76: 1 | D76: Libra | E76: 26325 | F76: =C76*E76 -> 26325
A77: Maíz Blanco | B77: Maíz traído del territorio utilizado para remedio en la armonización | C77: 1 | D77: Libra | E77: 26325 | F77: =C77*E77 -> 26325
A78: TOTAL ARMONIZACIÓN | F78: =SUM(F72:F77) -> 340830
A79: ALIMENTACIÓN
A80: Alimento propio Nasa | B80: Mute De Gallina Bebida Chicha De Maiz | C80: 15 | D80: Unidad | E80: 35000 | F80: =C80*E80 -> 525000
A81: Alimento propio Nasa | B81: Sancocho De Gallina Bebida Chaguasgua | C81: 15 | D81: Unidad | E81: 35000 | F81: =C81*E81 -> 525000
A82: Alimento propio Nasa | B82: Sopa De Maíz Bebida Agua De Panela Con Hierva Buena | C82: 15 | D82: Unidad | E82: 35000 | F82: =C82*E82 -> 525000
A83: Alimento propio Nasa | B83: Sancocho de gallina: - yuca - papa - gallina - arracacha - mute - arroz - bedida jugo de piña | C83: 15 | D83: Unidad | E83: 35000 | F83: =C83*E83 -> 525000
A84: TOTAL ALIMENTACIÓN | F84: =SUM(F80:F83) -> 2100000
A85: INSUMOS PARA LOS TALLERES
A86: Macramé | B86: Hilo es una fibra acrílica ideal para realizar diferentes manualidades a Crochet. | C86: 560 | D86: Kilos | E86: 80000 | F86: =C86*E86 -> 44800000
A87: Agujas para bisutería | B87: Aguja No. 10 | C87: 30 | D87: Paño | E87: 3500 | F87: =C87*E87 -> 105000
A88: Tijeras | B88: Tijeras de 17cm gran calidad, fabricadas en acero inoxidable; Asas ergonómicas; Afilado especial | C88: 30 | D88: Unidad | E88: 5000 | F88: =C88*E88 -> 150000
A89: Bricket | B89: Encendedor bricket de cocina | C89: 30 | D89: Unidad | E89: 3000 | F89: =C89*E89 -> 90000
A90: Mostacilla Checa No. 6 | B90: Es una 'bolita' sintética con un agujero en el centro con diámetro aproximado de un milímetro que se utiliza en la fabricación, especialmente, de joyas y bisutería | C90: 46 | D90: Libra | E90: 93000 | F90: =C90*E90 -> 4278000
A91: Hilo aptta | B91: Hilo de nailon de alta resistencia, conocido por su durabilidad y resistencia a la abrasión | C91: 30 | D91: Cono | E91: 7000 | F91: =C91*E91 -> 210000
A92: TOTAL INSUMOS PARA LOS TALLERES | F92: =SUM(F86:F91) -> 49633000
A93: TOTAL PUEBLO INDIGENA NASA | F93: =+F78+F84+F92 -> 52073830
A95: Insumos pueblo indigena Pasto
A96: PUEBLO INDIGENA PASTO
A97: ÍTEM | B97: CARACTERISTICAS TECNICAS | C97: CANTIDAD | D97: UNIDAD DE MEDIDA | E97: VALOR UNITARIO | F97: VALOR TOTAL
A98: INSUMOS PARA LA ARMONIZACIÓN
A99: Sahumerio | B99: Inciensos naturales a base de diferentes hierbas, raíces o cortezas. | C99: 1 | D99: Kilo | E99: 70000 | F99: =C99*E99 -> 70000
A100: Plantas Medicinales | B100: Plantas medicinales surtidas | C100: 15 | D100: Bulto | E100: 150000 | F100: =C100*E100 -> 2250000
A101: Frutas De Cosecha | B101: variedad de frutas manzana, mandarina, banano, piña, tomate de árbol | C101: 12 | D101: Libra | E101: 20000 | F101: =+C101*E101 -> 240000
A102: Pétalos De Flores | B102: variedad de flores amarillas, rojas, blancas, etc. | C102: 2 | D102: Atado | E102: 30000 | F102: =C102*E102 -> 60000
A103: Curado | B103: Esencia de plantas sagradas | C103: 1 | D103: Botella | E103: 60000 | F103: =C103*E103 -> 60000
...

Sheet Idioma propio 7 pueblos
A1: Insumos pueblo indigena Andoque
A2: PUEBLO INDIGENA ANDOQUE
A3: ÍTEM | B3: CARACTERISTICAS TECNICAS | C3: CANTIDAD | D3: UNIDAD DE MEDIDA | E3: VALOR UNITARIO | F3: VALOR TOTAL
A4: INSUMOS PARA LA ARMONIZACIÓN
A5: Mambe | B5: Hoja de coca tostada y pulverizada | C5: 12 | D5: Kilo | E5: 100000 | F5: =C5*E5 -> 1200000
A6: Ambil | B6: Elemento que se procesa del tabaco, se mezcla con sal de monte y baba natural para obtener una mezcla homogénea chiclosa para contribuir a la concentración. | C6: 2 | D6: kilo | E6: 142155 | F6: =C6*E6 -> 284310
A7: Almidon de yuca | B7: Polvo fino natural obtenido de la molienda de la yuca, mezclado con plantas naturales | C7: 12 | D7: libra | E7: 15000 | F7: =C7*E7 -> 180000
A8: Incienso natural | B8: Mezcla de resinas vegetales y aceites esenciales que se quema para desprender un humo con aroma | C8: 6 | D8: kilo | E8: 18954 | F8: =C8*E8 -> 113724
A9: Carbón medicinal | B9: Roca sedimentaria combistible | C9: 2 | D9: kilo | E9: 40000 | F9: =C9*E9 -> 80000
A10: Albahaca | B10: Planta aromática | C10: 6 | D10: kilo | E10: 8424 | F10: =C10*E10 -> 50544
A11: Sal de monte | B11: Sal purificada para curaciones | C11: 2 | D11: kilo | E11: 273780 | F11: =C11*E11 -> 547560
A12: TOTAL ARMONIZACIÓN | F12: =SUM(F5:F11) -> 2456138
A13: ALIMENTACIÓN
A14: Alimento propio Andoque | B14: Pescado en caldo de piaa, Cazabe, Caguana | C14: 15 | D14: Unidad | E14: 35000 | F14: =C14*E14 -> 525000
A15: Alimento propio Andoque | B15: Gallina Moqueoo Y caguna de Piña | C15: 15 | D15: Unidad | E15: 35000 | F15: =C15*E15 -> 525000
A16: Alimento propio Andoque | B16: Pescado asado embuelto de yuca, jugo caramgucgo | C16: 15 | D16: Unidad | E16: 35000 | F16: =C16*E16 -> 525000
A17: Alimento propio Andoque | B17: Gallina Moqueoo Y caguna de Piña | C17: 15 | D17: Unidad | E17: 35000 | F17: =C17*E17 -> 525000
A18: TOTAL ALIMENTACIÓN | F18: =F14+F15+F16+F17 -> 2100000
A19: INSUMOS PARA LOS TALLERES
A20: Telas lienzo | B20: Metro de tela de lienzo | C20: 40 | D20: Metro | E20: 12000 | F20: =C20*E20 -> 480000
A21: Hilos de costura | B21: Cono, el hilo grueso suele estar compuesto por un 30% de lana y un 70% de acrílico | C21: 14 | D21: Cono | E21: 55000 | F21: =C21*E21 -> 770000
A22: Aguja No. 14 | B22: Paño de aguja para coser No. 14 | C22: 20 | D22: Paño | E22: 5000 | F22: =C22*E22 -> 100000
A23: Hilazas | B23: Las hilazas, hilos de fibras cortas entrelazadas, se caracterizan por su composición, grosor, resistencia, textura y uso | C23: 6 | D23: Rollo | E23: 32000 | F23: =C23*E23 -> 192000
A24: Juego de Pinceles | B24: Juego de pinceles de 10 unidades, pincel plano con ángulo de varios los tamaños | C24: 5 | D24: Juego | E24: 12000 | F24: =C24*E24 -> 60000
A25: Tijeras | B25: Tijeras de 17cm gran calidad, fabricadas en acero inoxidable; Asas ergonómicas; Afilado especial | C25: 20 | D25: Unidad | E25: 5000 | F25: =C25*E25 -> 100000
A26: Juego de Pinturas para tela | B26: Juego De 24 Colores De Pintura De Tela Acrílica Permanente, Botellas | C26: 4 | D26: Juego | E26: 250000 | F26: =C26*E26 -> 1000000
A27: Bejuco Cumare | B27: Bejuco de planta territorial | C27: 4 | D27: Arroba | E27: 160000 | F27: =C27*E27 -> 640000
A28: Frutos silvestres | B28: Semillas nativas | C28: 20 | D28: Kilo | E28: 150000 | F28: =C28*E28 -> 3000000
A29: Cremalleras | B29: Cremallera para ropa gruesa | C29: 20 | D29: Paquete x 20 | E29: 200000 | F29: =C29*E29 -> 4000000
A30: Elástico para costura | B30: Rollo de elástico de 40mm blanco | C30: 2 | D30: Rollo | E30: 55000 | F30: =C30*E30 -> 110000
A31: TOTAL INSUMOS PARA LOS TALLERES | F31: =SUM(F20:F30) -> 10452000
A32: TOTAL PUEBLO INDIGENA ANDOQUE | F32: =+F12+F18+F31 -> 15008138
A34: Insumos pueblo indigena Inga
A35: PUEBLO INDIGENA INGA
A36: ÍTEM | B36: CARACTERISTICAS TECNICAS | C36: CANTIDAD | D36: UNIDAD DE MEDIDA | E36: VALOR UNITARIO | F36: VALOR TOTAL
A37: INSUMOS PARA LA ARMONIZACIÓN
A38: Frutas De Cosecha Surtidas | B38: Variedad de frutas manzana, mandarina, banano, piña, tomate de árbol | C38: 10 | D38: Libra | E38: 20000 | F38: =C38*E38 -> 200000
A39: Binan | B39: Bebida tradicional de territorio | C39: 2 | D39: Botella | E39: 200000 | F39: =C39*E39 -> 400000
A40: Chondur | B40: Semilla natural para preparar perfumes y sahumerios | C40: 2 | D40: Libra | E40: 80000 | F40: =C40*E40 -> 160000
A41: Pájaro Mancua | B41: Nido de especie tradicional de territorio | C41: 1 | D41: Atado | E41: 180000 | F41: =C41*E41 -> 180000
A42: Kullankilla | B42: planta tradicional territorio | C42: 1 | D42: Atado | E42: 200000 | F42: =C42*E42 -> 200000
A43: Uaira | B43: planta tradicional territorio | C43: 3 | D43: Unidad | E43: 45000 | F43: =C43*E43 -> 135000
A44: 7 Esencias De Los Andes | B44: Loción preparada con diferentes esencias para ungir | C44: 9 | D44: Botella | E44: 45000 | F44: =C44*E44 -> 405000
A45: Copal | B45: Paquete de Copal - Resina natural | C45: 5 | D45: Paquete | E45: 40000 | F45: =C45*E45 -> 200000
A46: TOTAL ARMONIZACIÓN | F46: =SUM(F38:F45) -> 1880000
A47: ALIMENTACIÓN
A48: Alimento propio Inga | B48: Gallina mute papa y jugo de mora | C48: 15 | D48: Unidad | E48: 35000 | F48: =C48*E48 -> 525000
A49: Alimento propio Inga | B49: Sopa de maíz, espinazo de cerdo, jugo de lulo | C49: 15 | D49: Unidad | E49: 35000 | F49: =C49*E49 -> 525000
A50: Alimento propio Inga | B50: Cerdo frito con maiz tostao y jugo de chicha | C50: 15 | D50: Unidad | E50: 35000 | F50: =C50*E50 -> 525000
A51: Alimento propio Inga | B51: Gallina mute papa y jugo de mora | C51: 15 | D51: Unidad | E51: 35000 | F51: =C51*E51 -> 525000
A52: TOTAL ALIMENTACIÓN | F52: =SUM(F48:F51) -> 2100000
A53: INSUMOS PARA LOS TALLERES
A54: Sayo | B54: Ruana tradicional | C54: 10 | D54: Unidad | E54: 350000 | F54: =C54*E54 -> 3500000
A55: Baitas | B55: Chal tradicional | C55: 10 | D55: Unidad | E55: 160000 | F55: =C55*E55 -> 1600000
A56: Siñidor | B56: Faja para hombre tradicional | C56: 10 | D56: Unidad | E56: 150000 | F56: =C56*E56 -> 1500000
A57: Chumbes | B57: Faja para mujer tradicional | C57: 10 | D57: Unidad | E57: 180000 | F57: =C57*E57 -> 1800000
A58: Kusmas | B58: Bata para hombre tradicional | C58: 10 | D58: Unidad | E58: 200000 | F58: =C58*E58 -> 2000000
A59: Pacha | B59: Falda para mujer tradicional | C59: 10 | D59: Unidad | E59: 100000 | F59: =C59*E59 -> 1000000
A60: Tupulles | B60: Camisa para mujer tradicional | C60: 10 | D60: Unidad | E60: 50000 | F60: =C60*E60 -> 500000
A61: Ualkas | B61: Collar tradicional | C61: 15 | D61: Unidad | E61: 150000 | F61: =C61*E61 -> 2250000
A62: Aretes | B62: Accesorio tradicional | C62: 6 | D62: Pares | E62: 80000 | F62: =C62*E62 -> 480000
A63: Pañolin | B63: Accesorio tradicional | C63: 15 | D63: Unidad | E63: 60000 | F63: =C63*E63 -> 900000
A64: TOTAL INSUMOS PARA LOS TALLERES | F64: =SUM(F54:F63) -> 15530000
A65: TOTAL PUEBLO INDIGENA INGA | F65: =+F46+F52+F64 -> 19510000
A67: Insumos pueblo indigena Nasa
A68: PUEBLO INDIGENA NASA
A69: ÍTEM | B69: CARACTERISTICAS TECNICAS | C69: CANTIDAD | D69: UNIDAD DE MEDIDA | E69: VALOR UNITARIO | F69: VALOR TOTAL
A70: INSUMOS PARA LA ARMONIZACIÓN
A71: Hoja de coca | B71: Hoja tostada traída del territorio | C71: 1 | D71: Kilo | E71: 10530 | F71: =C71*E71 -> 10530
A72: Chirrincho | B72: Bebida tradicional del pueblo Nasa | C72: 15 | D72: Caneca | E72: 15000 | F72: =C72*E72 -> 225000
A73: Planta Fresca | B73: Bolsa de plantas frescas para armonizar los espíritus | C73: 1 | D73: Libra | E73: 26325 | F73: =C73*E73 -> 26325
A74: Planta Dulce | B74: Bolsa de plantas dulces para armonizar los espíritus | C74: 1 | D74: Libra | E74: 26325 | F74: =C74*E74 -> 26325
A75: Plantas Amargas | B75: Bolsa de plantas amargas para armonizar los espíritus | C75: 1 | D75: Libra | E75: 26325 | F75: =C75*E75 -> 26325
A76: Maíz Blanco | B76: Maíz traído del territorio utilizado para remedio en la armonización | C76: 1 | D76: Libra | E76: 26325 | F76: =C76*E76 -> 26325
A77: TOTAL ARMONIZACIÓN | F77: =SUM(F71:F76) -> 340830
A78: ALIMENTACIÓN
A79: Alimento propio Nasa | B79: Mute De Gallina Bebida Chicha De Maiz | C79: 15 | D79: Unidad | E79: 35000 | F79: =C79*E79 -> 525000
A80: Alimento propio Nasa | B80: Sancocho De Gallina Bebida Chaguasgua | C80: 15 | D80: Unidad | E80: 35000 | F80: =C80*E80 -> 525000
A81: Alimento propio Nasa | B81: Sopa De Maíz Bebida Agua De Panela Con Hierva Buena | C81: 15 | D81: Unidad | E81: 35000 | F81: =C81*E81 -> 525000
A82: Alimento propio Nasa | B82: Mute De Gallina Bebida Chicha De Maiz | C82: 15 | D82: Unidad | E82: 35000 | F82: =C82*E82 -> 525000
A83: TOTAL ALIMENTACIÓN | F83: =F79+F80+F81+F82 -> 2100000
A84: INSUMOS PARA LOS TALLERES
A85: Capisayos | B85: Ruana tradicional del Pueblo Nasa | C85: 15 | D85: Unidad | E85: 420000 | F85: =C85*E85 -> 6300000
A86: Sombreros | B86: Sombrero fabricado en territorio | C86: 15 | D86: Unidad | E86: 400000 | F86: =C86*E86 -> 6000000
A87: Chumbes | B87: Cinta para sombrero | C87: 15 | D87: Unidad | E87: 250000 | F87: =C87*E87 -> 3750000
A88: TOTAL INSUMOS PARA LOS TALLERES | F88: =F85+F86+F87 -> 16050000
A89: TOTAL PUEBLO INDIGENA NASA | F89: =+F77+F83+F88 -> 18490830
A91: Insumos pueblo indigena Pasto
A92: PUEBLO INDIGENA PASTO
A93: ÍTEM | B93: CARACTERISTICAS TECNICAS | C93: CANTIDAD | D93: UNIDAD DE MEDIDA | E93: VALOR UNITARIO | F93: VALOR TOTAL
A94: INSUMOS PARA LA ARMONIZACIÓN
A95: Sahumerio | B95: Inciensos naturales a base de diferentes hierbas, raíces o cortezas. | C95: 1 | D95: Libra | E95: 70000 | F95: =C95*E95 -> 70000
A96: Plantas Medicinales | B96: Plantas medicinales surtidas | C96: 15 | D96: Atado | E96: 20000 | F96: =C96*E96 -> 300000
A97: Frutas De Cosecha | B97: variedad de frutas manzana, mandarina, banano, piña, tomate de árbol | C97: 12 | D97: Libra | E97: 20000 | F97: =+E97*C97 -> 240000
A98: Pétalos De Flores | B98: variedad de flores amarillas, rojas, blancas, etc. | C98: 2 | D98: Atado | E98: 30000 | F98: =C98*E98 -> 60000
A99: Curado | B99: Esencia de plantas sagradas | C99: 1 | D99: Botella | E99: 60000 | F99: =C99*E99 -> 60000
A100: Palo Santo | B100: Madera sagrada y espiritual. | C100: 2 | D100: Libra | E100: 18427.5 | F100: =C100*E100 -> 36855
A101: Carboncillo | B101: Ruedas elaboradas a base de plantas medicinales | C101: 1 | D101: Paquete | E101: 30000 | F101: =C101*E101 -> 30000
A102: Copal | B102: Resina natural | C102: 2 | D102: Libra | E102: 35000 | F102: =C102*E102 -> 70000
A103: Sándalo | B103: Brisas de madera que vienen con aroma | C103: 1 | D103: Libra | E103: 45000 | F103: =C103*E103 -> 45000
...

Sheet Medicina Ancestral 7 pueblos
A1: Insumos pueblo indigena Andoque
A2: PUEBLO INDIGENA ANDOQUE
A3: ÍTEM | B3: CARACTERISTICAS TECNICAS | C3: CANTIDAD | D3: UNIDAD DE MEDIDA | E3: VALOR UNITARIO | F3: VALOR TOTAL
A4: INSUMOS PARA LA ARMONIZACIÓN
A5: Mambe | B5: Hoja de coca tostada y pulverizada | C5: 12 | D5: Kilo | E5: 100000 | F5: =C5*E5 -> 1200000
A6: Ambil | B6: Elemento que se procesa del tabaco, se mezcla con sal de monte y baba natural para obtener una mezcla homogénea chiclosa para contribuir a la concentración. | C6: 2 | D6: kilo | E6: 142155 | F6: =C6*E6 -> 284310
A7: Almidon de yuca | B7: Polvo fino natural obtenido de la molienda de la yuca, mezclado con plantas naturales | C7: 12 | D7: libra | E7: 15000 | F7: =C7*E7 -> 180000
A8: Incienso natural | B8: Mezcla de resinas vegetales y aceites esenciales que se quema para desprender un humo con aroma | C8: 6 | D8: kilo | E8: 18954 | F8: =C8*E8 -> 113724
A9: Carbón medicinal | B9: Roca sedimentaria combistible | C9: 2 | D9: kilo | E9: 40000 | F9: =C9*E9 -> 80000
A10: Albahaca | B10: Planta aromática | C10: 6 | D10: kilo | E10: 8424 | F10: =C10*E10 -> 50544
A11: Sal de monte | B11: Sal purificada para curaciones | C11: 2 | D11: kilo | E11: 273780 | F11: =C11*E11 -> 547560
A12: TOTAL ARMONIZACIÓN | F12: =SUM(F5:F11) -> 2456138
A13: ALIMENTACIÓN
A14: Alimento propio Andoque | B14: Pescado en caldo de piaa, Cazabe, Caguana | C14: 15 | D14: Unidad | E14: 35000 | F14: =C14*E14 -> 525000
A15: Alimento propio Andoque | B15: Gallina Moqueoo, Cazabe Chucula | C15: 15 | D15: Unidad | E15: 35000 | F15: =C15*E15 -> 525000
A16: Alimento propio Andoque | B16: Pescado asado embuelto de yuca, jugo caramgucgo | C16: 15 | D16: Unidad | E16: 35000 | F16: =C16*E16 -> 525000
A17: Alimento propio Andoque | B17: Pescado en caldo de piaa, Cazabe, Caguana | C17: 15 | D17: Unidad | E17: 35000 | F17: =C17*E17 -> 525000
A18: TOTAL ALIMENTACIÓN | F18: =F14+F15+F16+F17 -> 2100000
A19: INSUMOS PARA LOS TALLERES
A20: Tabaco Prensado | B20: Hojas de Tabaco Verde Prensado | C20: 35 | D20: Paca | E20: 250000 | F20: =C20*E20 -> 8750000
A21: Sal | B21: Sal Natural del Monte | C21: 7 | D21: Kilo | E21: 273780 | F21: =C21*E21 -> 1916460
A22: Yuca | B22: Almidos de Yuca | C22: 100 | D22: Libra | E22: 15000 | F22: =C22*E22 -> 1500000
A23: Estufa | B23: Estufa en parrilla Industrial 4 puestos doble calibre 22 de acero inoxidable | C23: 1 | D23: Unidad | E23: 2800000 | F23: =C23*E23 -> 2800000
A24: Olla | B24: Olla de aluminio de 120 litros | C24: 2 | D24: Unidad | E24: 350000 | F24: =C24*E24 -> 700000
A25: Olla | B25: Olla de aluminio de 60 litros | C25: 2 | D25: Unidad | E25: 250000 | F25: =C25*E25 -> 500000
A26: Tanques | B26: Tanques Plasticos de 160 litros | C26: 4 | D26: Unidad | E26: 125000 | F26: =C26*E26 -> 500000
A27: Cilindro | B27: Pipeta de Gas de 100 libras | C27: 2 | D27: Unidad | E27: 250000 | F27: =C27*E27 -> 500000
A28: TOTAL INSUMOS PARA LOS TALLERES | F28: =SUM(F20:F27) -> 17166460
A29: TOTAL PUEBLO INDIGENA ANDOQUE | F29: =+F12+F18+F28 -> 21722598
A31: Insumos pueblo indigena Inga
A32: PUEBLO INDIGENA INGA
A33: ÍTEM | B33: CARACTERISTICAS TECNICAS | C33: CANTIDAD | D33: UNIDAD DE MEDIDA | E33: VALOR UNITARIO | F33: VALOR TOTAL
A34: INSUMOS PARA LA ARMONIZACIÓN
A35: Frutas De Cosecha Surtidas | B35: Variedad de frutas manzana, mandarina, banano, piña, tomate de árbol | C35: 10 | D35: libra | E35: 20000 | F35: =C35*E35 -> 200000
A36: Binan | B36: Bebida tradicional de territorio | C36: 2 | D36: Botella | E36: 200000 | F36: =C36*E36 -> 400000
A37: Chondur | B37: Semilla natural para preparar perfumes y sahumerios | C37: 2 | D37: Libra | E37: 80000 | F37: =C37*E37 -> 160000
A38: Pájaro Mancua | B38: Nido de especie tradicional de territorio | C38: 1 | D38: Atado | E38: 180000 | F38: =C38*E38 -> 180000
A39: Kullankilla | B39: planta tradicional territorio | C39: 1 | D39: Atado | E39: 200000 | F39: =C39*E39 -> 200000
A40: Uaira | B40: planta tradicional territorio | C40: 3 | D40: undiad | E40: 45000 | F40: =C40*E40 -> 135000
A41: 7 Esencias De Los Andes | B41: Loción preparada con diferentes esencias para ungir | C41: 9 | D41: Botella | E41: 45000 | F41: =C41*E41 -> 405000
A42: Copal | B42: Paquete de Copal - Resina natural | C42: 5 | D42: Paquete | E42: 40000 | F42: =C42*E42 -> 200000
A43: TOTAL ARMONIZACIÓN | F43: =SUM(F35:F42) -> 1880000
A44: ALIMENTACIÓN
A45: Alimento propio Inga | B45: Gallina mute papa y jugo de mora | C45: 15 | D45: Unidad | E45: 35000 | F45: =C45*E45 -> 525000
A46: Alimento propio Inga | B46: Sopa de maíz, espinazo de cerdo, jugo de lulo | C46: 15 | D46: Unidad | E46: 35000 | F46: =C46*E46 -> 525000
A47: Alimento propio Inga | B47: Cerdo frito con maiz tostao y jugo de chicha | C47: 15 | D47: Unidad | E47: 35000 | F47: =C47*E47 -> 525000
A48: Alimento propio Inga | B48: Gallina mute papa y jugo de mora | C48: 15 | D48: Unidad | E48: 35000 | F48: =C48*E48 -> 525000
A49: TOTAL ALIMENTACIÓN | F49: =SUM(F45:F48) -> 2100000
A50: INSUMOS PARA LOS TALLERES
A51: Cola de caballo | B51: Planta medicinal tradicional | C51: 5 | D51: Atado | E51: 150000 | F51: =E51*C51 -> 750000
A52: Bira Bira | B52: Planta medicinal tradicional | C52: 5 | D52: Atado | E52: 150000 | F52: =E52*C52 -> 750000
A53: Alcachofa | B53: Planta medicinal tradicional | C53: 5 | D53: Atado | E53: 150000 | F53: =E53*C53 -> 750000
A54: Zarzaparrilla | B54: Planta medicinal tradicional | C54: 5 | D54: Atado | E54: 150000 | F54: =E54*C54 -> 750000
A55: Sangrinol | B55: Planta medicinal tradicional | C55: 5 | D55: Atado | E55: 150000 | F55: =E55*C55 -> 750000
A56: Valeriana | B56: Planta medicinal tradicional | C56: 5 | D56: Atado | E56: 150000 | F56: =E56*C56 -> 750000
A57: Chuchuguaza | B57: Planta medicinal tradicional | C57: 5 | D57: Atado | E57: 150000 | F57: =E57*C57 -> 750000
A58: Uaco | B58: Planta medicinal tradicional | C58: 5 | D58: Atado | E58: 150000 | F58: =E58*C58 -> 750000
A59: Cáscara de sagrada | B59: Planta medicinal tradicional | C59: 5 | D59: Atado | E59: 150000 | F59: =E59*C59 -> 750000
A60: Zen Molido | B60: Planta medicinal tradicional | C60: 5 | D60: Atado | E60: 150000 | F60: =E60*C60 -> 750000
A61: Ruibarbo | B61: Polvo de Planta medicinal tradicional | C61: 5 | D61: Libra | E61: 150000 | F61: =E61*C61 -> 750000
A62: Tierra de san Pablo | B62: Polvo de Planta medicinal tradicional | C62: 8 | D62: Libra | E62: 150000 | F62: =E62*C62 -> 1200000
... A67: Pionia molida | B67: Polvo de Planta medicinal tradicional | C67: 4 | D67: Libra | E67: 150000 | F67: =E67*C67 -> 600000
A68: Chichaja | B68: Planta medicinal tradicional | C68: ½ | D68: Bulto | E68: 800000 | F68: =E68 -> 800000
A69: Frascos de vidrio | B69: Frasco de vidiro de 600ml con tapa | C69: 30 | D69: Unidad | E69: 8000 | F69: =E69*C69 -> 240000
A70: Bolsa de papel | B70: Bolsa de papel de 2 Onzas | C70: 500 | D70: Unidad | E70: 2000 | F70: =E70*C70 -> 1000000
A71: Molino industrial | B71: Molino eléctrico para granos. Con motor de 1 hp de fuerza, 1730 rpm. 110 voltios. Con chumaceras. Molino marca Corona. Estructura en hierro calibre 19, pintados con pintura electrostática martillada horneada. Tolva en acero inoxidable. Tiene 2 bandejas plásticas. (colores surtidos, verde, rojo, azul) Capacidad de 30 a 40 kilos por hora | C71: 2 | D71: Unidad | E71: 2400000 | F71: =E71*C71 -> 4800000
A72: Olla | B72: Olla para capacidad de 40 litros | C72: 4 | D72: Unidad | E72: 200000 | F72: =E72*C72 -> 800000
A73: Gas Propano | B73: Cilindro de gas de 100 Libras | C73: 2 | D73: Unidad | E73: 250000 | F73: =E73*C73 -> 500000
A74: Estufa | B74: Estufa en parrilla Industrial 4 puestos doble calibre 22 de acero inoxidable | C74: 2 | D74: Unidad | E74: 2800000 | F74: =E74*C74 -> 5600000
A75: TOTAL INSUMOS PARA LOS TALLERES | F75: =SUM(F51:F74) -> 24730000
A76: TOTAL PUEBLO INDIGENA INGA | F76: =+F43+F49+F75 -> 28710000
A78: Insumos pueblo indigena Nasa
A79: PUEBLO INDIGENA NASA
A80: ÍTEM | B80: CARACTERISTICAS TECNICAS | C80: CANTIDAD | D80: UNIDAD DE MEDIDA | E80: VALOR UNITARIO | F80: VALOR TOTAL
A81: INSUMOS PARA LA ARMONIZACIÓN
A82: Hoja de coca | B82: Hoja tostada traída del territorio | C82: 7 | D82: Kilo | E82: 10530 | F82: =C82*E82 -> 73710
A83: Chirrincho | B83: Bebida tradicional del pueblo Nasa | C83: 15 | D83: Caneca | E83: 15000 | F83: =C83*E83 -> 225000
A84: Planta Fresca | B84: Bolsa de plantas frescas para armonizar los espíritus | C84: 1 | D84: Libra | E84: 26325 | F84: =C84*E84 -> 26325
A85: Planta Dulce | B85: Bolsa de plantas dulces para armonizar los espíritus | C85: 1 | D85: Libra | E85: 26325 | F85: =C85*E85 -> 26325
A86: Plantas Amargas | B86: Bolsa de plantas amargas para armonizar los espíritus | C86: 1 | D86: Libra | E86: 26325 | F86: =C86*E86 -> 26325
A87: Maíz Blanco | B87: Maíz traído del territorio utilizado para remedio en la armonización | C87: 1 | D87: Libra | E87: 26325 | F87: =C87*E87 -> 26325
A88: TOTAL ARMONIZACIÓN | F88: =SUM(F82:F87) -> 404010
A89: ALIMENTACIÓN
A90: Alimento propio Nasa | B90: Mute De Gallina Bebida Chicha De Maiz | C90: 15 | D90: Unidad | E90: 35000 | F90: =C90*E90 -> 525000
A91: Alimento propio Nasa | B91: Sancocho De Gallina Bebida Chaguasgua | C91: 15 | D91: Unidad | E91: 35000 | F91: =C91*E91 -> 525000
A92: Alimento propio Nasa | B92: Sopa De Maíz Bebida Agua De Panela Con Hierva Buena | C92: 15 | D92: Unidad | E92: 35000 | F92: =C92*E92 -> 525000
A93: Alimento propio Nasa | B93: Mute De Gallina Bebida Chicha De Maiz | C93: 15 | D93: Unidad | E93: 35000 | F93: =C93*E93 -> 525000
A94: TOTAL ALIMENTACIÓN | F94: =F90+F91+F92+F93 -> 2100000
A95: INSUMOS PARA LOS TALLERES
A96: Hoja de coca | B96: Hoja tostada traída del territorio | C96: 10 | D96: Kilo | E96: 10530 | F96: =E96*C96 -> 105300
A97: Chirrincho | B97: Bebida tradicional del pueblo Nasa | C97: 240 | D97: Caneca | E97: 15000 | F97: =E97*C97 -> 3600000
A98: Planta Fresca | B98: Musgo de paramo para refrescamiento de espíritus | C98: 1 | D98: Kilo | E98: 84240 | F98: =E98*C98 -> 84240
A99: Planta Fresca | B99: Maíz de paramo para refrescamiento de los espíritus | C99: 1 | D99: Kilo | E99: 84240 | F99: =E99*C99 -> 84240
A100: Planta Fresca | B100: Chaiutse para refrescamiento de los espíritus | C100: 1 | D100: Kilo | E100: 52650 | F100: =E100*C100 -> 52650
A101: Planta Fresca | B101: Orejuela para refrescamiento de los espíritus | C101: 2 | D101: Kilo | E101: 52650 | F101: =E101*C101 -> 105300
A102: Planta Fresca | B102: Amanzaguapo para refrescamiento de los espíritus | C102: 1 | D102: Kilo | E102: 52650 | F102: =E102*C102 -> 52650
A103: Planta Fresca | B103: Homormiga para refrescamiento de los espíritus | C103: 1 | D103: Kilo | E103: 52650 | F103: =E103*C103 -> 52650
A104: Planta Fresca | B104: Abrecamino para refrescamiento de los espíritus | C104: 1 | D104: Kilo | E104: 31590 | F104: =E104*C104 -> 31590
A105: Planta Fresca | B105: Siete esencias para refrescamiento de los espíritus | C105: 10 | D105: Frascos | E105: 25000 | F105: =E105*C105 -> 250000
A106: Planta fresca | B106: Ruda para refrescamiento de los espíritus | C106: 1 | D106: Kilo | E106: 50000 | F106: =E106*C106 -> 50000
...

Sheet Evento de Cierre General
A1: ÍTEM | B1: CARACTERISTICAS TECNICAS | C1: CANTIDAD | D1: UNIDAD DE MEDIDA | E1: VALOR UNITARIO | F1: VALOR TOTAL
A2: CARPA 4X4 | B2: Carpa 4x4 Para Eventos Tipo Kiosko Lona Pvc 100% Impermeable | C2: 7 | D2: Unidad | E2: 950000 | F2: =C2*E2 -> 6650000
A3: Mesa Plegable | B3: Metal/Polietileno Blanco 180x75x74 Cm | C3: 7 | D3: Unidad | E3: 280729.8 | F3: =C3*E3 -> 1965108.6
A4: Silla Plástica con brazos | B4: Silla Plástica con brazos | C4: 71 | D4: Unidad | E4: 38000 | F4: =C4*E4 -> 2698000
A5: Agenda | B5: Agenda personalizada con Logo de la Mesa Local Indigena de usme | C5: 140 | D5: Unidad | E5: 21007.35 | F5: =C5*E5 -> 2941029
A6: ESFERO ECOLÓGICO | B6: Esfero Ecológico personalizado con Logo de la Mesa Local Indigena de usme | C6: 200 | D6: Unidad | E6: 1948.05 | F6: =C6*E6 -> 389610
A7: Bolso Ecologico | B7: Bolsa en material ecologico estampado logo de la Mesa local indigena de Usme | C7: 200 | D7: Unidad | E7: 25000 | F7: =C7*E7 -> 5000000
A8: MONTAJE SONIDO 200 300 PERSONAS | B8: • Servicio de montaje con las siguientes características: sonido: 1 Consola de 6 a 8 canales para micrófono y/o línea, 2 canales estéreo independientes, ecualizador paramétrico mínimo de 3 vías por canal, outputs XLR balanceados, phantom power para los micrófonos de condensador, dos (2) cables conversores RCA plug de 1/8 estéreo. • 1 Rack o mesa o soporte similar para ubicar la consola y demás elementos componentes del servicio • Micrófono inalámbrico de diadema con frecuencia seleccionable de UHF o Digital, Diversificado con Doble Antena, condensador con patrón polar cardiode, con una respuesta en frecuencia de 50Hz-20kHz como mínimo, con sus respectivas baterías y pilas de repuesto. • (Marcas Profesionalmente Reconocidas) • 2 Micrófono Formato: de mano. Cable de 4.57m. • Conector/es de salida: 3-pin xlrm. • Frecuencia máxima: 15000Hz.Frecuencia mínima: 70Hz Impedancia 600Ω. • bases de micrófonos. con sus respectivos elementos para su correcto y óptimo funcionamiento. Batería nueva al momento del préstamo del servicio. (Marcas Profesionalmente Reconocidas) • Altavoz de sonido auto amplificado o con sistema de etapa de amplificación (Marcas Profesionalmente Reconocidas para garantizar una mejor prestación de servicio evitando que lleven sonidos obsoletos o de baja garantía.) • Cables de energía y señal para su perfecto funcionamiento. • El equipo debe cumplir con una cobertura mínima de 90 db de presión de sonido constante sin distorsión en exteriores y a una distancia al menos de 30 mts. • Debe cumplir con las siguientes características: Caja mínimo a dos (2) vías. (+- 600 watts RMS) - Driver de 100watts para frecuencias altas de 1.5” (+-100w) - Sub-bajo acorde de mínimo 15” (+-500w) Respuesta en frecuencia mínima de 30hz a 2.5Khz - Dos (2) sistemas para el montaje de parlantes (trípode o estructura en aluminio) debe garantizar estabilidad y seguridad, deben estar en perfecto estado. | C8: 1 | D8: Unidad | E8: 1555807.5 | F8: =C8*E8 -> 1555807.5
A9: TARIMA-CARPA 12x6 | B9: Alquiler Tarima de 12 x 6 mts con carpa estructural, escalera a la altura requerida (1,5 mts) y faldones. Estructura certificada, debe tener extintor multiproposito 20 libras. Incluye transporte, montaje y desmontaje | C9: 1 | D9: Unidad | E9: 4100000 | F9: =C9*E9 -> 4100000
A10: PRESENTADOR(A) O MAESTRA(O) DE CEREMONIAS | B10: Presentador o maestro de ceremonia con experiencia en presentación y manejo de eventos culturales populares. Jornada por 5-8 horas | C10: 2 | D10: Unidad | E10: 286889.85 | F10: =C10*E10 -> 573779.7
A11: Ofrenda Tradicional | B11: Ofrenda Tradicional | C11: 1 | D11: Unidad | E11: 1755130 | F11: =C11*E11 -> 1755130
A12: Grupos artísticos | B12: Agrupación artística que pertenece a los pueblos indígenas, presentación entre 45-60 minutos. | C12: 3 | D12: Unidad | E12: 3500000 | F12: =+E12*C12 -> 10500000
A13: GRAN TOTAL | F13: =SUM(F2:F12) -> 38128465

Sheet Modif
A1: PUEBLO INDÍGENA | B1: ÍTEM | C1: CARACTERISTICAS TECNICAS | D1: CANTIDAD | E1: UNIDAD DE MEDIDA | F1: VALOR UNITARIO | G1: VALOR TOTAL | H1: UNIDAD DE MEDIDA CTO 1224-2024 | I1: VALOR CTO 1224-2024 | J1: CONVERSIÓN UNIDAD DE MEDIDA | K1: VALOR UNITARIO MODIFICADO (VALOR CTO 1224-2024 + IPC 2025 - 5,30%) | L1: VALOR TOTAL MODIFICADO | N1: 0.053
A2: ANDOQUE | B2: Ambil | C2: Elemento que se procesa del tabaco, se mezcla con sal de monte y baba natural para obtener una mezcla homogénea chiclosa para contribuir a la concentración. | D2: 2 | E2: kilo | F2: 900000 | G2: =D2*F2 -> 1800000 | H2: Kilo | I2: 135000 | J2: 135000 | K2: =+J2*(1+$N$1) -> 142155 | L2: =+K2*D2 -> 284310
A3: ANDOQUE | B3: Incienso natural | C3: Mezcla de resinas vegetales y aceites esenciales que se quema para desprender un humo con aroma | D3: 6 | E3: kilo | F3: 90000 | G3: =D3*F3 -> 540000 | H3: Kilo | I3: 18000 | J3: 18000 | K3: =+J3*(1+$N$1) -> 18954 | L3: =+K3*D3 -> 113724
A4: ANDOQUE | B4: Albahaca | C4: Planta aromática | D4: 6 | E4: kilo | F4: 20000 | G4: =D4*F4 -> 120000 | H4: Kilo | I4: 8000 | J4: 8000 | K4: =+J4*(1+$N$1) -> 8424 | L4: =+K4*D4 -> 50544
A5: ANDOQUE | B5: Sal de monte | C5: Sal purificada para curaciones | D5: 2 | E5: kilo | F5: 900000 | G5: =D5*F5 -> 1800000 | H5: Libra | I5: 130000 | J5: 260000 | K5: =+J5*(1+$N$1) -> 273780 | L5: =+K5*D5 -> 547560
A6: NASA | B6: Hoja de coca | C6: Hoja tostada traída del territorio | D6: 1 | E6: Kilo | F6: 100000 | G6: =D6*F6 -> 100000 | H6: Libra | I6: 5000 | J6: 10000 | K6: =+J6*(1+$N$1) -> 10530 | L6: =+K6*D6 -> 10530
A7: NASA | B7: Planta Fresca | C7: Bolsa de plantas frescas para armonizar los espíritus | D7: 1 | E7: Libra | F7: 200000 | G7: =D7*F7 -> 200000 | H7: Libra | I7: 25000 | J7: 25000 | K7: =+J7*(1+$N$1) -> 26325 | L7: =+K7*D7 -> 26325
A8: NASA | B8: Planta Dulce | C8: Bolsa de plantas dulces para armonizar los espíritus | D8: 1 | E8: Libra | F8: 200000 | G8: =D8*F8 -> 200000 | H8: Libra | I8: 25000 | J8: 25000 | K8: =+J8*(1+$N$1) -> 26325 | L8: =+K8*D8 -> 26325
A9: NASA | B9: Plantas Amargas | C9: Bolsa de plantas amargas para armonizar los espíritus | D9: 1 | E9: Libra | F9: 200000 | G9: =D9*F9 -> 200000 | H9: Libra | I9: 25000 | J9: 25000 | K9: =+J9*(1+$N$1) -> 26325 | L9: =+K9*D9 -> 26325
A10: NASA | B10: Maíz Blanco | C10: Maíz traído del territorio utilizado para remedio en la armonización | D10: 1 | E10: Libra | F10: 300000 | G10: =D10*F10 -> 300000 | H10: Libra | I10: 40000 | J10: 25000 | K10: =+J10*(1+$N$1) -> 26325 | L10: =+K10*D10 -> 26325
A11: NASA | B11: Hoja de coca | C11: Hoja tostada traída del territorio | D11: 10 | E11: Kilo | F11: 100000 | G11: =F11*D11 -> 1000000 | H11: Libra | I11: 5000 | J11: 10000 | K11: =+J11*(1+$N$1) -> 10530 | L11: =+K11*D11 -> 105300
A12: NASA | B12: Planta Fresca | C12: Musgo de paramo para refrescamiento de espíritus | D12: 1 | E12: Kilo | F12: 300000 | G12: =F12*D12 -> 300000 | H12: libra | I12: 40000 | J12: 80000 | K12: =+J12*(1+$N$1) -> 84240 | L12: =+K12*D12 -> 84240
A13: NASA | B13: Planta Fresca | C13: Maíz de paramo para refrescamiento de los espíritus | D13: 1 | E13: Kilo | F13: 500000 | G13: =F13*D13 -> 500000 | H13: libra | I13: 40000 | J13: 80000 | K13: =+J13*(1+$N$1) -> 84240 | L13: =+K13*D13 -> 84240
A14: NASA | B14: Planta Fresca | C14: Chaiutse para refrescamiento de los espíritus | D14: 1 | E14: Kilo | F14: 500000 | G14: =F14*D14 -> 500000 | H14: libra | I14: 25000 | J14: 50000 | K14: =+J14*(1+$N$1) -> 52650 | L14: =+K14*D14 -> 52650
A15: NASA | B15: Planta Fresca | C15: Orejuela para refrescamiento de los espíritus | D15: 2 | E15: Kilo | F15: 400000 | G15: =F15*D15 -> 800000 | H15: libra | I15: 25000 | J15: 50000 | K15: =+J15*(1+$N$1) -> 52650 | L15: =+K15*D15 -> 105300
A16: NASA | B16: Planta Fresca | C16: Amanzaguapo para refrescamiento de los espíritus | D16: 1 | E16: Kilo | F16: 300000 | G16: =F16*D16 -> 300000 | H16: libra | I16: 25000 | J16: 50000 | K16: =+J16*(1+$N$1) -> 52650 | L16: =+K16*D16 -> 52650
A17: NASA | B17: Planta Fresca | C17: Homormiga para refrescamiento de los espíritus | D17: 1 | E17: Kilo | F17: 300000 | G17: =F17*D17 -> 300000 | H17: libra | I17: 25000 | J17: 50000 | K17: =+J17*(1+$N$1) -> 52650 | L17: =+K17*D17 -> 52650
A18: NASA | B18: Planta Fresca | C18: Abrecamino para refrescamiento de los espíritus | D18: 1 | E18: Kilo | F18: 250000 | G18: =F18*D18 -> 250000 | H18: Kilo | I18: 30000 | J18: 30000 | K18: =+J18*(1+$N$1) -> 31590 | L18: =+K18*D18 -> 31590
A19: NASA | B19: Planta dulce | C19: Yacuma blanca para potencializar los espíritus | D19: 1 | E19: Kilo | F19: 1000000 | G19: =F19*D19 -> 1000000 | H19: libra | I19: 25000 | J19: 50000 | K19: =+J19*(1+$N$1) -> 52650 | L19: =+K19*D19 -> 52650
A20: NASA | B20: Planta dulce | C20: Estevia para potencializar los espíritus | D20: 1 | E20: Kilo | F20: 500000 | G20: =F20*D20 -> 500000 | H20: libra | I20: 25000 | J20: 50000 | K20: =+J20*(1+$N$1) -> 52650 | L20: =+K20*D20 -> 52650
A21: NASA | B21: Planta dulce | C21: Alegron para potencializar los espíritus | D21: 1 | E21: Kilo | F21: 200000 | G21: =F21*D21 -> 200000 | H21: libra | I21: 30000 | J21: 60000 | K21: =+J21*(1+$N$1) -> 63180 | L21: =+K21*D21 -> 63180
A22: NASA | B22: Planta dulce | C22: Flor de pensamiento para potencializar los espíritus | D22: 1 | E22: Kilo | F22: 500000 | G22: =F22*D22 -> 500000 | H22: libra | I22: 25000 | J22: 50000 | K22: =+J22*(1+$N$1) -> 52650 | L22: =+K22*D22 -> 52650
... A36: NASA | B36: Flor de manzanilla | C36: Para preparación de cremas para la piel | D36: 5 | E36: Kilos | F36: 90000 | G36: =F36*D36 -> 450000 | H36: kilo | I36: 40000 | J36: 40000 | K36: =+J36*(1+$N$1) -> 42120 | L36: =+K36*D36 -> 210600
A37: PASTOS | B37: Palo Santo | C37: Madera sagrada y espiritual propia del pueblo Pastos | D37: 2 | E37: Libra | F37: 30000 | G37: =D37*F37 -> 60000 | H37: kilo | I37: 35000 | J37: =+I37/2 -> 17500 | K37: =+J37*(1+$N$1) -> 18427.5 | L37: =+K37*D37 -> 36855
A38: PASTOS | B38: Ruda | C38: Planta medicinal | D38: 15 | E38: Atado | F38: 150000 | G38: =D38*F38 -> 2250000 | H38: atao | I38: 25000 | J38: 25000 | K38: =+J38*(1+$N$1) -> 26325 | L38: =+K38*D38 -> 394875
A39: PIJAO | B39: Tapetuza | C39: tapetuza elaborado por los medicos ancestrales propios de la comunidad indígena Ambika Pijao | D39: 11 | E39: Botella | F39: 200000 | G39: =F39*D39 -> 2200000 | H39: unidad | I39: 150000 | J39: 150000 | K39: =+J39*(1+$N$1) -> 157950 | L39: =+K39*D39 -> 1737450
A40: PIJAO | B40: Noni | C40: Noni elaborado por los médicos ancestrales propios de la comunidad indigena Ambika Pijao | D40: 8 | E40: Botella | F40: 200000 | G40: =F40*D40 -> 1600000 | H40: unidad | I40: 80000 | J40: 80000 | K40: =+J40*(1+$N$1) -> 84240 | L40: =+K40*D40 -> 673920
A41: PIJAO | B41: Tabaco Ambika | C41: Paca de tabacos armonizados por el medico ancestral de la comunidad. | D41: 6 | E41: Paca | F41: 70000 | G41: =F41*D41 -> 420000 | H41: paquete | I41: 20000 | J41: 20000 | K41: =+J41*(1+$N$1) -> 21060 | L41: =+K41*D41 -> 126360
A42: PIJAO | B42: Limpia | C42: Limpia elaborada por los medicos ancestrales propios de la comunidad indigena Ambika Pijao. | D42: 6 | E42: Botella | F42: 200000 | G42: =F42*D42 -> 1200000 | H42: unidad | I42: 50000 | J42: 50000 | K42: =+J42*(1+$N$1) -> 52650 | L42: =+K42*D42 -> 315900
A43: PIJAO | B43: Veladora Blanca | C43: Velones blancos grandes elaborados en parafina artesanal hecha a mano Dimensiones aproximadas: 7 cm x 18 cm | D43: 7 | E43: Unidad | F43: 30000 | G43: =F43*D43 -> 210000 | H43: unidad | I43: 20000 | J43: 20000 | K43: =+J43*(1+$N$1) -> 21060 | L43: =+K43*D43 -> 147420
A44: PIJAO | B44: Frutas | C44: unidades de frutas como banano, naranja, mandarina, limones, manzana, pera, carambolo | D44: 5 | E44: Libra | F44: 20000 | G44: =F44*D44 -> 100000 | H44: libras | I44: 2000 | J44: 2000 | K44: =+J44*(1+$N$1) -> 2106 | L44: =+K44*D44 -> 10530
A45: PIJAO | B45: Plantas medicinales | C45: manojo de plantas como mastranto, limonaria, manzanilla, viravira, abrecaminos, ruda, hoja de tabaco | D45: 70 | E45: Manojo | F45: 20000 | G45: =F45*D45 -> 1400000 | H45: libras | I45: 5000 | J45: 5000 | K45: =+J45*(1+$N$1) -> 5265 | L45: =+K45*D45 -> 368550
A46: KAMENTSA | B46: Yagé | C46: Frasco de 250 mls – líquido a base de bejuco natural. | D46: 1 | E46: Frasco | F46: 305000 | G46: =D46*F46 -> 305000 | H46: Envase x 120 ml | I46: 100000 | J46: =+(I46/12)*250 -> 2083333.3 | K46: =+J46*(1+$N$1) -> 2193750 | L46: =+K46*D46 -> 2193750
A47: UITOTO | B47: Ambil | C47: Elemento que se procesa del tabaco, se mezcla con sal de monte y baba natural para obtener una mezcla homogénea chiclosa para contribuir a la concentración. | D47: 1 | E47: kilo | F47: 900000 | G47: =D47*F47 -> 900000 | H47: Kilo | I47: 135000 | J47: 135000 | K47: =+J47*(1+$N$1) -> 142155 | L47: =+K47*D47 -> 142155
A48: UITOTO | B48: Incienso natural | C48: Mezcla de resinas vegetales y aceites esenciales que se quema para desprender un humo con aroma | D48: 2 | E48: kilo | F48: 90000 | G48: =D48*F48 -> 180000 | H48: Kilo | I48: 18000 | J48: 18000 | K48: =+J48*(1+$N$1) -> 18954 | L48: =+K48*D48 -> 37908
A49: UITOTO | B49: Sal de monte | C49: Sal purificada para curaciones | D49: 2 | E49: kilo | F49: 900000 | G49: =D49*F49 -> 1800000 | H49: Libra | I49: 130000 | J49: 260000 | K49: =+J49*(1+$N$1) -> 273780 | L49: =+K49*D49 -> 547560
A50: LOGISTICA | B50: Mesa Plegable | C50: Metal/Polietileno Blanco 180x75x74 Cm | D50: 7 | E50: Unidad | F50: 450000 | G50: =D50*F50 -> 3150000 | H50: Unidad | I50: 266600 | J50: 266600 | K50: =+J50*(1+$N$1) -> 280729.8 | L50: =+K50*D50 -> 1965108.6
A51: LOGISTICA | B51: Agenda | C51: Agenda personalizada con Logo de la Mesa Local Indigena de usme | D51: 140 | E51: Unidad | F51: 45000 | G51: =D51*F51 -> 6300000 | H51: Unidad | I51: 19950 | J51: 19950 | K51: =+J51*(1+$N$1) -> 21007.35 | L51: =+K51*D51 -> 2941029
A52: LOGISTICA | B52: ESFERO ECOLÓGICO | C52: Esfero Ecológico personalizado con Logo de la Mesa Local Indigena de usme | D52: 200 | E52: Unidad | F52: 6500 | G52: =D52*F52 -> 1300000 | H52: Unidad | I52: 1850 | J52: 1850 | K52: =+J52*(1+$N$1) -> 1948.05 | L52: =+K52*D52 -> 389610
A53: LOGISTICA | B53: MONTAJE SONIDO 200 300 PERSONAS | C53: • Servicio de montaje con las siguientes características: sonido: 1 Consola de 6 a 8 canales para micrófono y/o línea, 2 canales estéreo independientes, ecualizador paramétrico mínimo de 3 vías por canal, outputs XLR balanceados, phantom power para los micrófonos de condensador, dos (2) cables conversores RCA plug de 1/8 estéreo. • 1 Rack o mesa o soporte similar para ubicar la consola y demás elementos componentes del servicio • Micrófono inalámbrico de diadema con frecuencia seleccionable de UHF o Digital, Diversificado con Doble Antena, condensador con patrón polar cardiode, con una respuesta en frecuencia de 50Hz-20kHz como mínimo, con sus respectivas baterías y pilas de repuesto. • (Marcas Profesionalmente Reconocidas) • 2 Micrófono Formato: de mano. Cable de 4.57m. • Conector/es de salida: 3-pin xlrm. • Frecuencia máxima: 15000Hz.Frecuencia mínima: 70Hz Impedancia 600Ω. • bases de micrófonos. con sus respectivos elementos para su correcto y óptimo funcionamiento. Batería nueva al momento del préstamo del servicio. (Marcas Profesionalmente Reconocidas) • Altavoz de sonido auto amplificado o con sistema de etapa de amplificación (Marcas Profesionalmente Reconocidas para garantizar una mejor prestación de servicio evitando que lleven sonidos obsoletos o de baja garantía.) • Cables de energía y señal para su perfecto funcionamiento. • El equipo debe cumplir con una cobertura mínima de 90 db de presión de sonido constante sin distorsión en exteriores y a una distancia al menos de 30 mts. • Debe cumplir con las siguientes características: Caja mínimo a dos (2) vías. (+- 600 watts RMS) - Driver de 100watts para frecuencias altas de 1.5” (+-100w) - Sub-bajo acorde de mínimo 15” (+-500w) Respuesta en frecuencia mínima de 30hz a 2.5Khz - Dos (2) sistemas para el montaje de parlantes (trípode o estructura en aluminio) debe garantizar estabilidad y seguridad, deben estar en perfecto estado. | D53: 1 | E53: Unidad | F53: 4200000 | G53: =D53*F53 -> 4200000 | H53: Unidad | I53: 1477500 | J53: 1477500 | K53: =+J53*(1+$N$1) -> 1555807.5 | L53: =+K53*D53 -> 1555807.5
A54: LOGISTICA | B54: PRESENTADOR(A) O MAESTRA(O) DE CEREMONIAS | C54: Presentador o maestro de ceremonia con experiencia en presentación y manejo de eventos culturales populares. Jornada por 5-8 horas | D54: 2 | E54: Unidad | F54: 600000 | G54: =D54*F54 -> 1200000 | H54: Unidad | I54: 272450 | J54: 272450 | K54: =+J54*(1+$N$1) -> 286889.85 | L54: =+K54*D54 -> 573779.7

Sheet Hoja2
A1: PUEBLO INDÍGENA | B1: ÍTEM | C1: CARACTERISTICAS TECNICAS | D1: CANTIDAD | E1: UNIDAD DE MEDIDA | F1: VALOR UNITARIO | G1: VALOR TOTAL | H1: VALOR UNITARIO MODIFICADO | I1: VALOR TOTAL MODIFICADO | J1: OBSERVACIÓN
A2: ANDOQUE | B2: Fibra de Gurumo | C2: Fibra natural de terrtorio de 2 metros | D2: 15 | E2: Arroba | F2: 400000 | G2: =D2*F2 -> 6000000 | H2: 350000 | I2: =+H2*D2 -> 5250000 | J2: Se identifica el mismo elemento con un menor valor en el pueblo Uitoto
A3: ANDOQUE | B3: Bejuco Gu+oo | C3: Bejuco natural de territorio de 5 metros | D3: 10 | E3: Arroba | F3: 350000 | G3: =D3*F3 -> 3500000 | H3: 250000 | I3: =+H3*D3 -> 2500000 | J3: Se identifica el mismo elemento con un menor valor en el pueblo Uitoto
A4: ANDOQUE | B4: Pintura Natural | C4: Pintura Natural de corteza de arboles | D4: 9 | E4: Galon | F4: 180000 | G4: =D4*F4 -> 1620000 | H4: 25000 | I4: =+H4*D4 -> 225000 | J4: Se identifica el mismo elemento con un menor valor en el pueblo Uitoto
A5: UITOTO | B5: Bejuco Yare Natuarl | C5: Bejuco Natiral 1 metro | D5: 3 | E5: Arroba | F5: 350000 | G5: =F5*D5 -> 1050000 | H5: 300000 | I5: =+H5*D5 -> 900000 | J5: Se identifica el mismo elemento con un menor valor en el pueblo Andoque
A6: UITOTO | B6: Bejuco Natural GU+O | C6: Bejuco Natural 2 Metros | D6: 5 | E6: Arroba | F6: 350000 | G6: =F6*D6 -> 1750000 | H6: 300000 | I6: =+H6*D6 -> 1500000 | J6: Se identifica el mismo elemento con un menor valor en el pueblo Andoque
A7: PASTOS | B7: Sándalo | C7: Brisas de madera que vienen con aroma | D7: 1 | E7: Libra | F7: 450000 | G7: =D7*F7 -> 450000 | H7: 45000 | I7: =+H7*D7 -> 45000 | J7: Error de digitación
A8: PASTOS | B8: Gancho pescador para aretes | C8: Un gancho pescador para aretes es un tipo de cierre o herraje utilizado en bisutería para sujetar los aretes al lóbulo de la oreja | D8: 10 | E8: Libra | F8: 100000 | G8: =D8*F8 -> 1000000 | H8: 50000 | I8: =+H8*D8 -> 500000 | J8: Por error de digitación en la unidad de medida el kilo es a $100.000
A9: INGA | B9: Chaquira No. 10 | C9: Chaquira color surtido No. 10 | D9: 42 | E9: Libra | F9: 93000 | G9: =D9*F9 -> 3906000 | H9: 80000 | I9: =+H9*D9 -> 3360000 | J9: Se identifica el mismo elemento con un menor valor en el pueblo Kamentsa
A10: ANDOQUE | B10: Juego de Pinceles | C10: Juego de pinceles de 10 unidades, pincel plano con ángulo de varios los tamaños | D10: 5 | E10: Juego | F10: 120000 | G10: =D10*F10 -> 600000 | H10: 12000 | I10: =+H10*D10 -> 60000 | J10: Error de digitación
A11: ANDOQUE | B11: Tijeras | C11: Tijeras de 17cm gran calidad, fabricadas en acero inoxidable; Asas ergonómicas; Afilado especial | D11: 20 | E11: Unidad | F11: 37500 | G11: =D11*F11 -> 750000 | H11: 5000 | I11: =+H11*D11 -> 100000 | J11: Se identifica el mismo elemento con un menor valor en el pueblo Nasa
A12: UITOTO | B12: Tijeras | C12: Tijeras de 17cm gran calidad, fabricadas en acero inoxidable; Asas ergonómicas; Afilado especial | D12: 20 | E12: Unidad | F12: 37500 | G12: =D12*F12 -> 750000 | H12: 5000 | I12: =+H12*D12 -> 100000 | J12: Se identifica el mismo elemento con un menor valor en el pueblo Nasa
A13: UITOTO | B13: Cremalleras | C13: Cremallera para ropa gruesa | D13: 20 | E13: Unidad | F13: 200000 | G13: =D13*F13 -> 4000000 | H13: 200000 | I13: =+H13*D13 -> 4000000 | J13: Se modifica la unidad de medida ya que no es por unidad sino paquete x 20 unidades
A14: ANDOQUE | B14: Fibra de Cumare | C14: Fibra natural de terrtorio de palma de Cumare | D14: 5 | E14: Arroba | F14: 750000 | G14: =D14*F14 -> 3750000 | H14: 160000 | I14: =+H14*D14 -> 800000 | J14: Se identifica el mismo elemento con un menor valor en el pueblo Uitoto
A15: KAMENTSA | B15: Alquiler de espacio | C15: Para la realización de las sesiones | D15: 3 | E15: Dia | F15: 120000 | G15: =D15*F15 -> 360000 | H15: 60000 | I15: =+H15*D15 -> 180000 | J15: Se modifica el valor y la unidad de medida para dar claridad son 3 sesiones a $60.000
A16: KAMENTSA | B16: Alquiler de espacio | C16: Para los Tres (3) sesiones | D16: 15 | E16: Unidades | F16: 12000 | G16: =F16*D16 -> 180000 | H16: 60000 | I16: 180000 | J16: Se modifica el valor y la unidad de medida para dar claridad son 3 sesiones a $60.000
A17: NASA | B17: Ruana | C17: Limpieza espiritual en la medicina ancestral | D17: 3 | E17: Unidades | F17: 847960 | G17: =F17*D17 -> 2543880 | H17: 420000 | I17: =+H17*D17 -> 1260000 | J17: Se identifica el mismo elemento con un menor valor en el componente de idioma propio
